AoeStats
← skeezerrr

Pilgrims

508950213Analyzed
4v4 RM · 9d ago on Sep 24, 2026· 32m 36s· 8 players
Game mode
Random Map
Map size
Large (8 player)
Population
200
Speed
Normal
Resources
Standard
Victory
Conquest
Starting age
Dark Age
Ending age
Imperial Age
RankedLock teamsTeams togetherTeam positionsShared explorationLock speedFull tech treeHidden civsTurbo modeCheats
Victory
Defeat
🇪🇸 Armenians · Spain
1322
+12
🇪🇸 Danes · Spain
1283
+13
🇪🇸 Dravidians · Spain
1234
+15
🇪🇸 Vikings · Spain
1160
+18
🇲🇽 Varangians · Mexico
1259
-16
🇲🇽 Huns · Mexico
1230
-15
🇬🇧 Vietnamese · United Kingdom
1210
-14
🇬🇧 Muisca · United Kingdom
1190
-13
Cochiloco2000
7:40 Loom
14:07 Feudal Age
18:11 Bloodlines
17:59 Double-Bit Axe
18:39 Scale Barding Armor
22:01 Fletching
22:12 Padded Archer Armor
26:25 Castle Age
27:23 Bodkin Arrow
[GDL] Lissom
10:27 Feudal Age
9:49 Loom
12:49 Bloodlines
13:38 Scale Barding Armor
15:47 Forging
15:53 Horse Collar
24:43 Castle Age
27:29 Husbandry
27:52 Chain Barding Armor
28:07 Iron Casting
26:57 Light Cavalry
xSantalogx
9:56 Loom
11:42 Feudal Age
16:19 Castle Age
14:33 Double-Bit Axe
15:42 Horse Collar
17:35 Wheelbarrow
20:14 Fletching
26:24 Gold Mining
28:02 Bodkin Arrow
28:08 Padded Archer Armor
30:58 Leather Archer Armor
32:35 Ballistics
34:52 Imperial Age
32:36 Squires
skeezerrr
7:19 Loom
11:26 Feudal Age
11:54 Double-Bit Axe
12:47 Wheelbarrow
18:17 Castle Age
16:19 Town Watch
18:46 Stone Mining
18:47 Gold Mining
22:50 Bloodlines
22:40 Husbandry
23:00 Husbandry
23:13 Forging
24:28 Bow Saw
29:32 Fletching
29:44 Padded Archer Armor
pablo_smt21
3:57 Loom
11:56 Feudal Age
12:41 Horse Collar
13:24 Gold Mining
14:44 Double-Bit Axe
16:28 Fletching
16:38 Padded Archer Armor
16:47 Scale Barding Armor
16:55 Forging
22:01 Castle Age
20:28 Scale Barding Armor
23:41 Bow Saw
23:34 Heavy Plow
23:34 Pikeman
25:58 Iron Casting
26:55 Scale Mail Armor
26:55 Arson
29:41 Bodkin Arrow
30:05 Chain Mail Armor
34:19 Imperial Age
32:12 Ballistics
alvaroninosampe
5:04 Loom
10:44 Feudal Age
11:15 Town Watch
21:02 Castle Age
23:01 Town Patrol
25:48 Fishing Lines
26:12 Gold Mining
29:26 Gillnets
29:46 Double-Bit Axe
32:34 Imperial Age
30:45 Wheelbarrow
30:29 Clinker Construction
danielninosampe
5:09 Loom
9:55 Feudal Age
10:26 Double-Bit Axe
12:27 Fletching
18:53 Castle Age
17:56 Forging
17:36 Fishing Lines
18:29 Scale Mail Armor
19:36 Bodkin Arrow
20:40 Iron Casting
20:44 Chain Mail Armor
20:42 Bow Saw
20:26 Gillnets
22:19 Wheelbarrow
22:31 Squires
22:17 Gambesons
22:18 Arson
22:34 Gold Mining
22:34 Stone Mining
24:20 Stone Mining
25:06 Gold Shaft Mining
25:04 Gambesons
25:15 Arson
29:31 Hand Cart
cabrilloESP
10:13 Feudal Age
9:22 Loom
10:54 Double-Bit Axe
16:26 Castle Age
15:38 Horse Collar
15:59 Fletching
17:33 Medium Warships
17:34 Bow Saw
23:41 Bodkin Arrow
25:03 Town Watch
26:28 Ballistics
26:57 Padded Archer Armor
32:21 Imperial Age
30:37 Wheelbarrow
32:48 Leather Archer Armor
32:25 Elite Composite Bowman
Connection lost

Rejoining the realm…

Still unreachable

The connection could not be restored.

Session expired

The server has moved on; the page needs a fresh start.